 Seeded DCSS version 0.28.0-53-g5a82cb258f (webtiles) character file.

Game seed: 5819556540278030217 (custom seed)

177 bwicke the Summoner (level 5, -3/30 HPs)
             Began as a Tengu Hunter on Aug 10, 2022.
             Slain by an orc
             ... wielding a +0 whip
              (5 damage)
             ... on level 3 of the Dungeon.
             The game lasted 00:06:06 (2426 turns).

bwicke the Summoner (Tengu Hunter)                  Turns: 2426, Time: 00:06:07

Health: -3/30      AC:  3    Str: 12    XL:     5   Next: 57%
Magic:  15/15      EV: 14    Int: 14    God:
Gold:   140        SH:  0    Dex: 14    Spells: 17/17 levels left

rFire   . . .      SeeInvis .   o - +0 dagger (venom)
rCold   . . .      Faith    .   (no shield)
rNeg    . . .      Spirit   .   c - +0 leather armour
rPois   .          Reflect  .   (helmet restricted)
rElec   .          Harm     .   (no cloak)
rCorr   .          Rampage  .   (no gloves)
Will    .....                   (boots unavailable)
Stlth   +.........              (no amulet)
HPRegen 0.10/turn               (no ring)
MPRegen 0.14/turn               (no ring)

@: flying quickly and evasively, studying Summonings, quick
A: beak, talons 3, nimble flight
a: no special abilities


You were on level 3 of the Dungeon.
You visited 1 branch of the dungeon, and saw 3 of its levels.

You collected 140 gold pieces.

Inventory:

Hand Weapons
 a - a +1 shortbow
 b - a +0 short sword
 g - a +0 whip
 o - a +0 dagger of venom (weapon)
 p - a +2 dagger of draining
Missiles
 d - 37 arrows
Armour
 c - a +0 leather armour (worn)
Jewellery
 r - an amulet of guardian spirit
Wands
 m - a wand of polymorph (4)
 n - a wand of flame (3)
 t - a wand of mindburst (9)
 u - a wand of iceblast (4)
Scrolls
 i - a scroll of enchant weapon {unknown}
 l - a scroll of amnesia {unknown}
 q - a scroll of enchant armour {unknown}
 y - a scroll of blinking {unknown}
Potions
 e - a potion of invisibility {unknown}
 h - a potion of curing {unknown}
 j - a potion of haste {unknown}
 k - a potion of flight {unknown}
 s - 2 potions of might
 v - a potion of brilliance {unknown}
 w - a potion of berserk rage {unknown}
 x - a potion of lignification {unknown}


   Skills:
 - Level 2.0 Fighting
 - Level 4.6 Bows
 - Level 2.1 Dodging
 - Level 1.0 Stealth
 - Level 6.6 Spellcasting
 + Level 13.7 Summonings


You had 17 spell levels left.
You didn't know any spells.
Your spell library contained the following spells:

 Spells                   Type           Power      Damage    Failure   Level
 Foxfire                  Conj/Fire      16%        2x1d4     19%         1
 Conjure Flame            Conj/Fire      4%         6-21      50%         3
 Inner Flame              Hex/Fire       4%         N/A       50%         3
 Flame Wave               Conj/Fire      4%         2d5       88%         4


Dungeon Overview and Level Annotations

Branches:
Dungeon (3/15)

Altars:
Cheibriados


Innate Abilities, Weirdness & Mutations

You have a beak for a mouth.
You have claws for feet.
Your magical nature lets you fly swiftly and evasively.


Message History

The orc priest is poisoned.
Your kick misses the orc priest. Your peck misses the orc priest.
You feel sick. The orc completely misses you.
The orc priest mumbles some strange prayers to Beogh against you.
Pain shoots through your body!
You hit the orc priest.
The orc priest is lightly wounded.
You feel sick.
You are no longer poisoned.
The orc closely misses you. The orc priest barely misses you.
You hit the orc priest but do no damage.
The orc priest is moderately wounded.
The orc hits you but does no damage. The orc priest misses you.
You hit the orc priest.
The orc priest looks as sick as possible!
The orc priest is heavily wounded.
The orc closely misses you. The orc priest barely misses you.
You hit the orc priest but do no damage.
The orc priest looks as sick as possible!
Your kick misses the orc priest.
The orc priest is heavily wounded.
The orc hits you with a +0 whip.
The orc priest mumbles some strange prayers to Beogh against you.
Beogh smites you!
* * * LOW HITPOINT WARNING * * *
Throw: throwing net
Press: ? - help, Q - select action, (/) - cycle Shift-Dir - straight line, f - orc priest
Aim: an orc priest, wielding a +0 trident and wearing a +0 leather armour (almost dead, extremely poisoned, 59% to hit)
You throw a throwing net. The throwing net hits the orc priest.
The orc priest is caught in the net!
The orc priest is almost dead.
You kill the orc priest!
The orc closely misses you.
You hit the orc.
The orc is poisoned.
The orc is lightly wounded.
The orc hits you with a +0 whip.
* * * LOW HITPOINT WARNING * * *
You barely miss the orc. Your kick misses the orc.
The orc is moderately wounded.
The orc hits you with a +0 whip.
You die...

. ###### ..
#######....# ...
#.......##.# ....
########.########.#
#..###........# #.#
#.....)####### #.#
#....#@# #.#
#.....#o# #.#
#.>..##.# #.# #.S..
#.# ##.# .g.... #.#
#..# ..o.... #.#
#.## ....... #.#
###.# ....... #.#
#...# # #.# #...#


You could see an orc (very poisoned).

Vanquished Creatures
  An orc priest (D:3)
  Robin (D:2)
  3 adders
  A worm (D:3)
  A dart slug (D:2)
  6 ball pythons
  2 endoplasms (D:2)
  13 goblins
  2 hobgoblins
  7 jackals
  4 kobolds
  2 quokkas
  A bat (D:2)
  6 rats
50 creatures vanquished.

Notes
Turn   | Place    | Note
-------+----------+-------------------------------------------
     0 | D:1      | bwicke the Tengu Hunter began the quest for the Orb.
     0 | D:1      | Reached XP level 1. HP: 12/12 MP: 2/2
   103 | D:1      | Identified a scroll of acquirement
   103 | D:1      | Acquired a manual of Summonings
   118 | D:1      | Reached skill level 1 in Summonings
   188 | D:1      | Reached XP level 2. HP: 10/17 MP: 3/3
   193 | D:1      | Reached skill level 2 in Summonings
   505 | D:1      | Reached skill level 3 in Summonings
   640 | D:1      | You fall into a shaft and drop 1 floor!
   706 | D:2      | Noticed Robin
   708 | D:2      | Reached XP level 3. HP: 21/21 MP: 4/4
   717 | D:2      | Reached skill level 4 in Summonings
   718 | D:2      | Killed Robin
   960 | D:2      | Reached skill level 5 in Summonings
  1023 | D:2      | Reached skill level 13 in Summonings
  1023 | D:2      | Reached XP level 4. HP: 26/26 MP: 4/13
  1400 | D:2      | Found a snail-covered altar of Cheibriados.
  1516 | D:2      | Found a faded altar of an unknown god.
  1692 | D:2      | Gained mutation: Your magical nature lets you fly swiftly
                  | and evasively. [Tengu growth]
  1692 | D:2      | Reached XP level 5. HP: 27/30 MP: 15/15
  2426 | D:3      | Slain by an orc

Illustrated notes

Levels and vault maps discovered:
D:1:      evilmike_arrival_hilbert_curve, layout_basic,
          minmay_misc_feat_more_columns, minmay_pentomino_t4
D:2:      layout_loops_ring, shapermc_ecumenical_altar_notcrosses, basic_altar,
          hangedman_decor_opposing, uniq_robin
D:3:      layout_rooms, hangedman_decor_push

Skill      XL: |  1  2  3 |
---------------+----------+-----
Summonings     | 1 3 13 | 13.7
Spellcasting   | 6 |  6.6
Fighting       | |  2.0
Bows           | |  4.6
Dodging        | |  2.1
Stealth        | |  1.0

Action                   |  1- 3 |  4- 6 || total
-------------------------+-------+-------++-------
Melee: Short sword       |    33 |       ||    33
       Kick              |     9 |    17 ||    26
       Peck              |     3 |     7 ||    10
       Dagger            |     1 |    60 ||    61
       Punch             |       |     1 ||     1
 Fire: Shortbow          |    28 |       ||    28
Throw: Throwing net      |       |     1 ||     1
  Use: Scroll            |     1 |       ||     1
       Potion            |     1 |       ||     1
 Stab: Sleeping          |       |     1 ||     1
Armor: Leather armour    |     6 |     9 ||    15
Dodge: Dodged            |    37 |    44 ||    81
